 Seeded DCSS version 0.31-a0-1066-g35875b3 (webtiles) character file.

Game seed: 4606396983093790855 (custom seed)

35 NeededCrab the Magician (level 3, -2/27 HPs)
             Began as a Djinni Earth Elementalist on Nov 22, 2023.
             Slain by a goblin
             ... wielding a +0 dagger
             ... led by Robin
              (4 damage)
             ... on level 2 of the Dungeon.
             The game lasted 00:02:49 (940 turns).

NeededCrab the Magician (Djinni Earth Elementalist)  Turns: 940, Time: 00:02:49

Health: -2/27      AC:  2    Str:  7    XL:     3   Next: 55%
Gold:   97         EV: 12    Int: 18    God:
                   SH:  0    Dex: 13

rFire   + + .        (no weapon)
rCold   x . .        (no shield)
rNeg    . . .        a - +0 robe
rPois   ∞            (no helmet)
rElec   .            (no cloak)
rCorr   .            (no gloves)
SInv    .            (boots unavailable)
Will    .....        (no amulet)
Stlth   ++           (no ring)
HPRegen 0.24/turn    (no ring)
MPRegen 0.00/turn

%: infuse magic (-3 HP)
@: flying, very slightly contaminated
A: sickness immunity, fire resistance 2, cold vulnerability 1, float, innate
caster, HP casting, extra vitality 1
a: no special abilities


You were on level 2 of the Dungeon.
You visited 1 branch of the dungeon, and saw 2 of its levels.

You collected 97 gold pieces.

Inventory:

Armour
 a - a +0 robe (worn)
Talismans
 c - a flux talisman
Scrolls
 b - 2 scrolls of identify {unknown}
 e - a scroll of fear {unknown}
 f - a scroll of enchant armour {unknown}
 g - a scroll of blinking {unknown}
 h - a scroll of fog {unknown}
 i - a scroll of silence {unknown}
Potions
 d - a potion of resistance {unknown}


   Skills:
 + Level 1.2 Fighting
 + Level 2.7 Dodging
 - Level 1.5 Stealth
 * Level 3.4 Spellcasting
 * Level 3.4 Conjurations
 * Level 3.4 Hexes
   Level 0.0 Charms
 * Level 3.4 Summonings
 * Level 3.4 Necromancy
 * Level 3.4 Translocations
 * Level 3.4 Transmutations
 * Level 3.4 Fire Magic
 * Level 3.4 Ice Magic
 * Level 3.4 Air Magic
 * Level 3.4 Earth Magic
 * Level 3.4 Poison Magic


You knew the following spells:

 Your Spells              Type           Power      Damage    Failure   Level
a - Sandblast             Erth           30%        2d9       3%          1
b - Passwall              Tmut/Erth      12%        N/A       6%          2
c - Stone Arrow           Conj/Erth      30%        3d8       12%         3
d - Petrify               Tmut/Erth      15%        N/A       36%         4
e - Brom's Barrelling Bo  Conj/Erth      15%        2d4       36%         4
f - Foxfire               Conj/Fire      60%        2x1d7     3%          1
Your spell library was empty.

Dungeon Overview and Level Annotations

Branches:
Dungeon (2/15)

Altars:

Annotations:
D:2 Robin


Innate Abilities, Weirdness & Mutations

You are immune to sickness and miasma.
You are immune to poison.
Your flesh is very heat resistant. (rF++)
You are vulnerable to cold. (rC-)
You float through the air rather than walking.
You learn spells naturally, not from books.
Your magical power is your life essence.
You have superior vitality. (+4 MHP)


Message History

Aim: Robin, wielding a +0 spear, wearing a +0 animal skin and wearing a +0 helmet (87% to hit)
The blast of sand hits Robin!
Robin is heavily wounded.
* * * LOW HITPOINT WARNING * * *
A goblin comes into view. It is wielding a +0 dagger.
Robin roars a battlecry!
The goblin goes into a battle-frenzy!
Casting: Sandblast (safe; 4% risk of failure)
Confirm with . or Enter, or press ? or * to list all spells.
Aiming: Sandblast (safe; 4% risk of failure)
Press: ? - help, Shift-Dir - straight line, f/p - Robin
Aim: Robin, wielding a +0 spear, wearing a +0 animal skin and wearing a +0 helmet (heavily wounded, 87% to hit)
The blast of sand hits Robin.
Robin is severely wounded.
* * * LOW HITPOINT WARNING * * *
A goblin comes into view. It is wielding a +0 dagger.
Robin throws the goblin at you! The goblin barely misses you.
The goblin closely misses you. Robin misses you.
A goblin comes into view. It is wielding a +0 dagger.
Casting: Sandblast (safe; 4% risk of failure)
Confirm with . or Enter, or press ? or * to list all spells.
Aiming: Sandblast (safe; 4% risk of failure)
Press: ? - help, Shift-Dir - straight line, f/p - Robin
Aim: Robin, wielding a +0 spear, wearing a +0 animal skin and wearing a +0 helmet (severely wounded, 87% to hit)
The blast of sand misses Robin.
The blast of sand hits the goblin!
You kill the goblin!
* * * LOW HITPOINT WARNING * * *
The goblin closely misses you.
Robin hits you from afar with a +0 spear.
* * * LOW HITPOINT WARNING * * *
Casting: Sandblast (safe; 3% risk of failure)
Confirm with . or Enter, or press ? or * to list all spells.
Aiming: Sandblast (safe; 3% risk of failure)
Press: ? - help, Shift-Dir - straight line, f/p - Robin
Aim: Robin, wielding a +0 spear, wearing a +0 animal skin and wearing a +0 helmet (severely wounded, 87% to hit)
The blast of sand hits the goblin!
You kill the goblin!
* * * LOW HITPOINT WARNING * * *
The goblin hits you with a +0 dagger.
You die...

# .. # #.### ## .... ##.
###..### .# #.#
#.......#.#####( #
#...............
#...#####...##..#.#####.
#.gg)@g....#..#.#####.
#...#.###.#..........##.
# # #.#..##.#.##.##.
#............##.
###............)
..#####.#.#####.###
..........##....#
#.##......##.##.#
#.......(....#


You could see Robin and 2 goblins.

Vanquished Creatures
  An adder (D:2)
  A dart slug (D:1)
  A bat (D:2)
  An endoplasm (D:1)
  7 goblins
  4 hobgoblins
  2 jackals (D:1)
  A ball python (D:1)
  2 frilled lizards (D:1)
  2 kobolds (D:2)
  A rat (D:1)
23 creatures vanquished.

Notes
Turn   | Place    | Note
-------+----------+-------------------------------------------
     0 | D:1      | NeededCrab the Djinni Earth Elementalist began the quest
                  | for the Orb.
     0 | D:1      | NeededCrab set off with the following spells memorised:
                  | Sandblast, Passwall, Stone Arrow, Petrify, Brom's
                  | Barrelling Boulder.
     0 | D:1      | Reached XP level 1. HP: 15/15 MP: 0/0
   266 | D:1      | Reached XP level 2. HP: 21/22 MP: 0/0
   777 | D:2      | Reached skill level 1 in Fighting
   777 | D:2      | Reached XP level 3. HP: 17/27 MP: 0/0
   777 | D:2      | Learned a level 1 spell: Foxfire
   930 | D:2      | Noticed Robin
   940 | D:2      | Slain by a goblin

Illustrated notes

Levels and vault maps discovered:
D:1:      kilobyte_arrival_exit_the_forest, layout_basic
D:2:      layout_loops_cross, hangedman_decor_growths,
          dreamdust_princess_corridor, corexii_shack, uniq_robin

Skill      XL: |  1  2 |
---------------+-------+-----
Spellcasting   | |  3.4
Conjurations   | |  3.4
Hexes          | |  3.4
Summonings     | |  3.4
Necromancy     | |  3.4
Translocations | |  3.4
Transmutations | |  3.4
Fire Magic     | |  3.4
Ice Magic      | |  3.4
Air Magic      | |  3.4
Earth Magic    | |  3.4
Poison Magic   | |  3.4
Fighting       | 1 |  1.2
Dodging        | |  2.7
Stealth        | |  1.5

Action                     || total
---------------------------++-------
  Melee: Unarmed           ||     4
   Cast: Sandblast         ||    32
 Armour: Robe              ||    12
  Dodge: Dodged            ||    14

Table legend: (Time is in decaauts)
 A = Elapsed time spent in this place.
 B = Non-inter-level travel time spent in this place.
 C = Inter-level travel time spent in this place.
 D = Time resting spent in this place.
 E = Time spent auto-exploring this place.
 F = Levels seen in this place.
 G = Mean time per level.
                   A        B        C        D        E       F      G
               +--------+--------+--------+--------+--------+-----+--------+
         Total |    955 |    919 |     36 |     54 |    703 |   2 |  477.5 |
       Dungeon |    955 |    919 |     36 |     54 |    703 |   2 |  477.5 |
               +--------+--------+--------+--------+--------+-----+--------+

Top non-repeatable levels by time:
     D:1: 767 daAuts
     D:2: 188 daAuts
